 Dungeon Crawl Stone Soup version 0.19.0 (webtiles) character file.

2988 Cacophonie the Basher (level 9, -17/94 HPs)
             Began as a Demonspawn Berserker on Nov 6, 2016.
             Was an Elder of Trog.
             Demolished by a death knight
             ... wielding a +4 battleaxe
              (31 damage)
             ... on level 7 of the Dungeon on Nov 8, 2016.
             The game lasted 00:42:07 (7937 turns).

Cacophonie the Basher (Demonspawn Berserker)        Turns: 7937, Time: 00:42:08

Health: -17/94     AC: 10    Str: 23    XL:     9   Next: 53%
Magic:  0/9        EV: 11    Int:  9    God:    Trog [****..]
Gold:   231        SH:  0    Dex: 15    Spells: 0 memorised, 8 levels left

rFire  . . .     SeeInvis .     A - +0 flail
rCold  + . .     Gourm    .     o - +0 ring mail
rNeg   . . .     Faith    .     (no shield)
rPois  +         Spirit   +     (no helmet)
rElec  .         Reflect  .     l - +2 cloak
rCorr  .         Harm     .     y - +1 pair of gloves
MR     ++...                    (no boots)
Stlth  ..........               (no amulet)
                                L - ring of poison resistance
                                W - ring of protection from cold

@: berserking, regenerating, very quick
A: hooves 2, foul stench 1, magic shield, rot immunity
a: Berserk, Trog's Hand, Brothers in Arms, Burn Spellbooks, Renounce Religion


You were on level 7 of the Dungeon.
You worshipped Trog.
Trog was greatly pleased with you.
You were very hungry.

You visited 2 branches of the dungeon, and saw 8 of its levels.
You also visited: Sewer.

You collected 431 gold pieces.
You spent 200 gold pieces at shops.


Message History

You pound the death knight but do no damage!
You kick the death knight, but do no damage!
The death knight is moderately wounded!
The death knight misses you!
The death knight hits your ogre with an enchanted BATTLEAXE!!!!!!
Your ogre dies!!!
Your ogre's corpse disappears in a puff of smoke!!!
You crush the death knight like a grape!!!!!!
You kick the death knight!!!
The death knight is heavily wounded!
The death knight reflects your damage back at you!!! * * * don't die
* * * Unknown command!
You are too berserk!!!
Enter note: this was a bad idea You are too berserk!!!
Unknown command!
You are too berserk!!!
The death knight hits you with an enchanted BATTLEAXE!!!!!! rip

#.##..............#
#.##..............#
#.#.........#######
#.#.........# #.#....##...####
## #.#....##......### #.
#.#.........##...# #.
#.#....########..######## #.
###.#....#%.?@..#..#..')..# #.
#.#.#....#%}p#..#..#.(#.8.# #.
#........#?.?#..#..#..#...# #.
#.#.##...#####..#..#..##### #.
#.#.##...#......#..#......# #.
#.#.##...#......#..#......# #.
#.#.#....#..#####..#####..# #.
#.#.##.#.#......#..#......# #.
#.#......#......#..#......###.


You could see a death knight.

Inventory:

Hand Weapons
 a - a +1 mace
 A - a +0 flail (weapon)
Missiles
 d - 4 curare-tipped needles
 e - 70 stones
 I - 47 poisoned needles
 J - a throwing net
 N - 4 tomahawks (quivered)
Armour
 b - a +1 animal skin
 l - a +2 cloak (worn)
 o - a +0 ring mail (worn)
 u - a +0 chain mail
 y - a +1 pair of gloves (worn)
 R - a +0 cloak
Jewellery
 h - an uncursed ring of flight
 L - a ring of poison resistance (right hand)
 W - a ring of protection from cold (left hand)
Wands
 q - a wand of lightning (11/15)
 w - a wand of random effects (8/48)
 M - a wand of lightning (5/15)
 T - a wand of iceblast (8/15)
 V - a wand of confusion (20/48)
Scrolls
 j - 3 scrolls of fog
 s - a scroll of noise
 t - 2 scrolls of recharging
 z - a scroll of enchant armour
 B - a scroll of remove curse
 C - 6 scrolls of magic mapping
 D - 2 scrolls of blinking
 O - 2 scrolls of teleportation
Potions
 f - 2 potions of resistance
 i - 3 potions of cancellation
 n - 2 potions of heal wounds
 p - 2 potions of mutation
 r - 2 potions of agility
 v - 3 potions of flight
 E - 3 potions of curing
 F - 2 potions of haste {unknown}
 G - 2 potions of brilliance {unknown}
 H - 2 potions of might {unknown}
 P - a potion of lignification {unknown}
 S - a potion of cure mutation {unknown}
Books
 k - a book of Misfortune

   Spells                             Type                      Level
   a - Confusing Touch                Hexes                        1
   b - Confuse                        Hexes                        3
   c - Gell's Gravitas                Hexes/Translocation          3
   d - Petrify                        Transmutation/Earth          4
   e - Metabolic Englaciation         Hexes/Ice                    5
   f - Yara's Violent Unravelling     Hexes/Transmutation          5
   Trog disapproves of the use of such an item.
 x - a book of Conjurations

   Spells                             Type                      Level
   a - Magic Dart                     Conjuration                  1
   b - Searing Ray                    Conjuration                  2
   c - Dazzling Spray                 Conjuration/Hexes            3
   d - Fulminant Prism                Conjuration/Hexes            4
   e - Iskenderun's Mystic Blast      Conjuration                  4
   f - Iskenderun's Battlesphere      Conjuration/Charms           5
   Trog disapproves of the use of such an item.
Comestibles
 c - 5 bread rations
 g - a royal jelly
 m - 2 beef jerkies
 K - a meat ration
 Q - a chunk of flesh
 U - 4 fruits


   Skills:
 - Level 3.0 Fighting
 + Level 12.2 Maces & Flails
 - Level 1.7 Armour
 - Level 1.7 Dodging


You had 8 spell levels left.
You didn't know any spells.


Innate Abilities, Weirdness & Mutations

You have hoof-like feet.
You may emit foul miasma when damaged in melee.
When hurt, damage is shared between your health and your magic reserves.
You are immune to rotting.

Dungeon Overview and Level Annotations

Branches:
Dungeon (7/15)             Temple (1/1) D:7

Altars:
Ashenzari
Cheibriados
Dithmenos
Elyvilon
Fedhas
Gozag
Hepliaklqana
Makhleb
Nemelex Xobeh
Okawaru
Sif Muna
Trog
Vehumet
Xom
Zin
The Shining One

Shops:
D:5 =(   D:7 [:(

Vault maps used:
D:1:      lightli_arrival_statue_moat, corexii_item_surrounded_by_moat,
          minmay_misc_feat_pillars
D:2:      old_standard_altar, first_bread
D:3:      lemuel_round_altar, nicolae_overflow_hidden_temple,
          kennysheep_big_empty_room, interstate_on_off, uniq_terence
D:4:      minmay_door_path, bloody_trog, lightli_sewer_entry_pipes
D:5:      minmay_thick_lines, serial_shops, shop, shop
D:6:      hangedman_cross_stitches, okawaru_altar_gauntlet_db,
          lemuel_round_altar, serial_bayou_lagoon_a
D:7:      kennysheep_windowed_halls, serial_shops, nicolae_shop_stone, shop,
          shop, hangedman_abyss_or_decor_passed
Temple:   dpeg_chambers_temple
Sewer:    sewer_minmay_w

Vanquished Creatures
  A hippogriff (D:7)
  A hungry ghost (D:7)
  2 orc warriors
  A hornet zombie (D:7)
  2 ice beasts
  A phantom (D:5)
  A sky beast (D:7)
  An ogre (D:6)
  3 centaurs
  A big kobold (D:6)
  The ghost of Raine357 the Conjurer, an amateur DECj of Vehumet (D:3)
  4 bullfrogs
  2 scorpions
  A water moccasin skeleton (D:5)
  A crimson imp (D:6)
  A quasit (D:6)
  2 centaur zombies
  3 hounds (D:7)
  A jelly (D:4)
  A bullfrog skeleton (D:4)
  2 bullfrog zombies (D:5)
  A centaur skeleton (D:7)
  2 orc priests
  2 orc wizards
  Terence (D:3)
  5 iguanas
  5 worker ants
  A hound skeleton (D:7)
  A worker ant zombie (D:2)
  4 gnolls
  8 river rats (Sewer)
  12 adders
  A shadow imp (D:7)
  An ooze (Sewer)
  An adder skeleton (D:5)
  2 worms
  2 leopard geckos
  24 orcs
  17 ball pythons
  8 giant cockroaches
  6 goblins
  8 hobgoblins
  11 jackals
  9 kobolds
  4 quokkas
  A ball python skeleton (D:4)
  8 bats
  2 frilled lizards
  A leopard gecko skeleton (D:4)
  2 leopard gecko zombies
  2 quokka skeletons
  28 rats
213 creatures vanquished.

Notes
Turn   | Place    | Note
-------+----------+-------------------------------------------
     0 | D:1      | Cacophonie the Demonspawn Berserker began the quest for the Orb.
     0 | D:1      | Reached XP level 1. HP: 18/18 MP: 1/1
   168 | D:1      | Reached skill level 3 in Maces & Flails
   334 | D:1      | Gained mutation: You have large cloven feet. [demonic ancestry]
   334 | D:1      | Reached XP level 2. HP: 18/24 MP: 2/2
  1055 | D:2      | Reached ** piety under Trog
  1174 | D:2      | Found a hazy altar of Hepliaklqana.
  1179 | D:2      | Reached XP level 3. HP: 26/29 MP: 3/3
  1656 | D:3      | Found a blossoming altar of Fedhas.
  1674 | D:3      | Reached skill level 4 in Maces & Flails
  1734 | D:3      | Noticed Raine357's ghost (amateur DECj)
  1799 | D:2      | Gained mutation: You are immune to rotting. [demonic ancestry]
  1799 | D:2      | Reached XP level 4. HP: 26/35 MP: 4/4
  1935 | D:3      | Found a white marble altar of Elyvilon.
  2052 | D:3      | Noticed Terence
  2060 | D:3      | Killed Terence
  2060 | D:3      | Reached skill level 5 in Maces & Flails
  2185 | D:3      | Gained mutation: You may emit foul miasma when damaged in melee. [demonic ancestry]
  2185 | D:3      | Reached XP level 5. HP: 41/41 MP: 5/5
  2413 | D:2      | cuck: cuck
  2423 | D:3      | Killed Raine357's ghost
  2423 | D:3      | Reached skill level 6 in Maces & Flails
  2566 | D:3      | Reached XP level 6. HP: 46/47 MP: 6/6
  2609 | D:3      | cuck: cuckophonie
  2673 | D:3      | cuck: cuckophonie
  2804 | D:4      | cuck: cuckspawn
  2811 | D:4      | cuck: cuckophonie the cuckeler
  3096 | D:4      | Found a bloodstained altar of Trog.
  3170 | D:4      | cuck: cuck python
  3199 | D:4      | Found a glowing drain.
  3205 | D:4      | cuck: a scroll labeled CUCKED FUCKBOY
  3207 | Sewer    | Entered a sewer
  3246 | Sewer    | cuck: a cuck of flesh
  3328 | Sewer    | Reached *** piety under Trog
  3345 | Sewer    | Reached skill level 7 in Maces & Flails
  3393 | Sewer    | cuck: Trog roars: CUCKED!
  3413 | Sewer    | cuck: the cuck quivers!
  3631 | Sewer    | Gained mutation: You have hoof-like feet. [demonic ancestry]
  3631 | Sewer    | Reached XP level 7. HP: 52/52 MP: 7/7
  3668 | Sewer    | cuck: This cuck flesh tastes terrible!
  4045 | D:4      | Reached skill level 8 in Maces & Flails
  4431 | D:5      | Entered Level 5 of the Dungeon
  4714 | D:5      | Reached **** piety under Trog
  4714 | D:5      | Reached skill level 9 in Maces & Flails
  4714 | D:5      | Gained mutation: When hurt, damage is shared between your health and your magic reserves. [demonic ancestry]
  4714 | D:5      | Reached XP level 8. HP: 58/58 MP: 8/8
  5014 | D:5      | Found Soigeiro's Jewellery Shop.
  5121 | D:5      | Found Cosk's Antique Weapon Shop.
  5260 | D:5      | Bought an uncursed ring of poison resistance for 200 gold pieces
  5334 | D:6      | Reached skill level 10 in Maces & Flails
  5988 | D:6      | Found an iron altar of Okawaru.
  6163 | D:6      | Found a shadowy altar of Dithmenos.
  6210 | D:7      | Found Zeri's Book Boutique.
  6442 | D:7      | Found Ohey's Armour Boutique.
  6612 | D:7      | Reached skill level 11 in Maces & Flails
  6612 | D:7      | Reached XP level 9. HP: 58/63 MP: 7/9
  6688 | D:7      | Reached ***** piety under Trog
  6763 | D:7      | Found Idarag's Antique Weapon Emporium.
  6764 | D:7      | Found a staircase to the Ecumenical Temple.
  6942 | Temple   | Entered the Ecumenical Temple
  7755 | D:7      | Reached skill level 12 in Maces & Flails
  7929 | D:7      | Noticed a death knight
  7937 | D:7      | this was a bad idea
  7937 | D:7      | Demolished by a death knight
